AoeStats
← waw15

African Clearing

503856716Analyzed
4v4 RM · 29d ago on Sep 2, 2026· 57m 16s· 8 players
Game mode
Random Map
Map size
Large (8 player)
Population
200
Speed
Normal
Resources
Standard
Victory
Conquest
Starting age
Dark Age
Ending age
Imperial Age
RankedLock teamsTeams togetherTeam positionsShared explorationLock speedFull tech treeHidden civsTurbo modeCheats
Victory
Defeat
🇨🇳 Spanish · China
991
+13
🇧🇷 Romans · Brazil
987
+13
🇹🇷 Hindustanis · Türkiye
839
+20
🇺🇸 Vikings · United States
763
+23
🇵🇱 Hindustanis · Poland
953
-19
🇧🇪 Mongols · Belgium
947
-18
🇬🇧 Japanese · United Kingdom
908
-17
🇮🇳 Italians · India
900
-16
Badbrahmin
8:00 Loom
14:16 Feudal Age
18:29 Castle Age
18:30 Fletching
18:47 Padded Archer Armor
18:57 Crossbowman
20:04 Bodkin Arrow
29:00 Wheelbarrow
37:28 Imperial Age
35:47 Ballistics
35:39 Thumb Ring
36:39 Double-Bit Axe
37:55 Scale Barding Armor
38:10 Leather Archer Armor
37:34 Cavalier
38:59 Bloodlines
43:20 Gold Mining
45:31 Conscription
48:42 Bow Saw
48:24 Arbalester
waw15
13:19 Feudal Age
11:36 Loom
17:35 Double-Bit Axe
20:21 Castle Age
19:14 Man-at-Arms
22:07 Fletching
26:13 Forging
25:58 Bodkin Arrow
36:45 Elite Skirmisher
40:03 Imperial Age
39:04 Bodkin Arrow
39:44 Iron Casting
39:13 Padded Archer Armor
39:34 Bow Saw
41:01 Bracer
48:57 Scale Mail Armor
PiotrekEs
6:10 Loom
14:01 Feudal Age
14:28 Double-Bit Axe
18:16 Scale Barding Armor
19:49 Horse Collar
25:01 Castle Age
29:10 Fletching
30:00 Grand Trunk Road
30:06 Scale Mail Armor
31:45 Forging
32:40 Bow Saw
33:55 Gold Mining
34:15 Squires
41:50 Imperial Age
40:09 Masonry
40:24 Ballistics
41:40 Grand Trunk Road
42:57 Conscription
43:13 Hoardings
44:06 Two-Man Saw
43:32 Bodkin Arrow
45:36 Chemistry
46:57 Chain Barding Armor
47:13 Iron Casting
46:00 Heavy Camel Rider
46:41 Husbandry
47:26 Murder Holes
50:32 Gold Shaft Mining
57:22 Bloodlines
KlauKalash
4:06 Loom
14:21 Feudal Age
19:15 Wheelbarrow
19:08 Double-Bit Axe
21:26 Castle Age
24:14 Gold Mining
24:35 Bow Saw
25:35 Fletching
26:17 Bodkin Arrow
28:32 Horse Collar
30:10 Ballistics
30:01 Padded Archer Armor
30:18 Heavy Plow
32:44 Leather Archer Armor
32:43 Masonry
33:42 Hand Cart
33:18 Town Watch
35:19 Bloodlines
35:11 Husbandry
42:24 Imperial Age
42:12 Town Patrol
42:32 Elite Mangudai
43:14 Bracer
44:44 Murder Holes
49:11 Hoardings
50:22 Heavy Camel Rider
Outlier
5:31 Loom
18:07 Feudal Age
19:49 Double-Bit Axe
21:18 Horse Collar
25:16 Stone Mining
25:45 Fletching
26:40 Town Watch
30:30 Castle Age
28:46 Forging
28:52 Gold Mining
29:19 Scale Mail Armor
31:13 Crossbowman
32:10 Caravan
33:18 Squires
32:39 Pikeman
33:55 Bow Saw
35:33 Heavy Plow
36:12 Gold Shaft Mining
35:35 Bodkin Arrow
38:59 Ballistics
41:17 Imperial Age
39:07 Murder Holes
39:34 Padded Archer Armor
39:23 Treadmill Crane
40:56 Fervor
41:18 Chain Mail Armor
40:53 Arson
42:35 Conscription
44:10 Chemistry
43:38 Treadmill Crane
xr0015
14:18 Feudal Age
12:39 Loom
14:38 Loom
15:33 Horse Collar
18:07 Man-at-Arms
23:33 Castle Age
22:09 Scale Mail Armor
22:26 Fletching
22:32 Fletching
23:40 Padded Archer Armor
23:35 Elite Skirmisher
24:04 Long Swordsman
26:02 Chain Mail Armor
27:04 Double-Bit Axe
29:19 Forging
34:02 Masonry
34:15 Ballistics
38:29 Imperial Age
36:31 Bodkin Arrow
38:22 Bow Saw
38:12 Heavy Plow
38:33 Squires
38:53 Leather Archer Armor
38:37 Town Watch
39:35 Wheelbarrow
39:58 Scale Barding Armor
40:29 Pikeman
43:15 Halberdier
47:56 Chemistry
47:56 Legionary
开局一片田
12:10 Loom
15:56 Feudal Age
17:47 Stone Mining
17:44 Double-Bit Axe
21:15 Castle Age
18:58 Fishing Lines
20:52 Gold Mining
22:45 Bow Saw
23:31 Padded Archer Armor
23:36 Husbandry
26:57 Gillnets
27:26 Leather Archer Armor
33:06 Wheelbarrow
36:02 Imperial Age
33:18 Town Watch
33:59 Horse Collar
34:59 Scale Barding Armor
35:04 Forging
35:59 Hand Cart
36:05 Hand Cart
36:27 Bloodlines
36:36 Heavy Plow
36:16 Cavalier
38:14 Chain Barding Armor
38:29 Iron Casting
39:13 Town Patrol
39:50 Plate Barding Armor
41:39 Two-Man Saw
40:03 Paladin
41:30 Conscription
43:49 Blast Furnace
44:35 Capped Ram
45:48 Siege Ram
50:26 Stone Shaft Mining
54:33 Elite Conquistador
55:35 Supremacy
yunusseckn
3:46 Loom
14:37 Feudal Age
20:19 Castle Age
18:32 Double-Bit Axe
25:18 Town Watch
25:20 Horse Collar
29:07 Stone Mining
29:07 Gold Mining
33:03 Imperial Age
31:59 Wheelbarrow
31:41 Heavy Plow
35:02 Chemistry
34:28 Hand Cart
35:49 Town Patrol
35:22 Heavy Camel Rider
39:46 Bow Saw
40:22 Bloodlines
41:38 Husbandry
43:32 Imperial Camel Rider
Connection lost

Rejoining the realm…

Still unreachable

The connection could not be restored.

Session expired

The server has moved on; the page needs a fresh start.